| TOP OF THE 1ST |
|
Cincinnati Reds batting - Pitching for San Diego Padres : RHP Timóteo Metzener
|
|
Pitching: RHP Timóteo Metzener
|
|
|
Batting: LHB Jon Ledesma
|
0-0: Ball 1-0: Called Strike 1-1: Swinging Strike 1-2: Strikes out swinging
|
|
Batting: SHB Dave Barefoot
|
0-0: Ball 1-0: Ground out 3-1 (Groundball, 34, EV 96.3 MPH)
|
|
Batting: LHB Jake Bill
|
0-0: Ball 1-0: SINGLE (Flyball, 7S, EV 98.8 MPH)
|
|
Batting: LHB Sean Geisler
|
0-0: Ball 1-0: Foul Ball, location: 2F 1-1: Fly out, F9 (Flyball, 9, EV 79.4 MPH)
|
| Top of the 1st over - 0 runs, 1 hit, 0 errors, 1 left on base; Cincinnati 0 - San Diego 0 |
| BOTTOM OF THE 1ST |
|
San Diego Padres batting - Pitching for Cincinnati Reds : LHP Jeff Baker
|
|
Pitching: LHP Jeff Baker
|
|
|
Batting: SHB Jerry Luckwell
|
0-0: Ball 1-0: Foul Ball, location: 2F 1-1: Ball 2-1: Ball 3-1: Base on Balls
|
|
Batting: RHB Cesar Breceda
|
0-0: Ball 1-0: Grounds into double play, 4-6-3 (Groundball, 34, EV 81.3 MPH)
|
|
Batting: LHB Kevin Bellman
|
0-0: Called Strike 0-1: Called Strike 0-2: Fly out, F5 (Line Drive, 5, EV 72.5 MPH)
|
| Bottom of the 1st over - 0 runs, 0 hits, 0 errors, 0 left on base; Cincinnati 0 - San Diego 0 |
| TOP OF THE 2ND |
|
Cincinnati Reds batting - Pitching for San Diego Padres : RHP Timóteo Metzener
|
|
Batting: SHB Saulo Maina
|
0-0: Called Strike 0-1: Ball 1-1: Ball 2-1: Ground out 4-3 (Groundball, 34D, EV 100.6 MPH)
|
|
Batting: LHB Shawn Morrison
|
0-0: Swinging Strike 0-1: Foul Ball, location: 2F 0-2: Foul Ball, location: 2F 0-2: Strikes out looking
|
|
Batting: LHB Andy Arbuckle
|
0-0: Ball 1-0: Ball 2-0: Ball 3-0: Base on Balls
|
|
Batting: RHB Fred Slade
|
0-0: Ball 1-0: Called Strike 1-1: Ball Andy Arbuckle is caught stealing 2nd base 2-4
|
| Top of the 2nd over - 0 runs, 0 hits, 0 errors, 0 left on base; Cincinnati 0 - San Diego 0 |
| BOTTOM OF THE 2ND |
|
San Diego Padres batting - Pitching for Cincinnati Reds : LHP Jeff Baker
|
|
Batting: RHB Alois Wollf
|
0-0: Ball 1-0: Ground out 4-3 (Groundball, 4, EV 101.3 MPH)
|
|
Batting: LHB Mike Holt
|
0-0: Ball 1-0: Foul Ball, location: 2F 1-1: Ball 2-1: Foul Ball, location: 2F 2-2: Ball 3-2: SOLO HOME RUN (Line Drive, 9LD, EV 98.8 MPH), Distance : 379 ft
|
|
Batting: RHB Carlos Reyes
|
0-0: Ball 1-0: Called Strike 1-1: Ball 2-1: Ball 3-1: Called Strike 3-2: Ground out 4-3 (Groundball, 34, EV 91.3 MPH)
|
|
Batting: RHB Alberto Cotto
|
0-0: Swinging Strike 0-1: Ball 1-1: Foul Ball, location: 2F 1-2: Strikes out swinging
|
| Bottom of the 2nd over - 1 run, 1 hit, 0 errors, 0 left on base; Cincinnati 0 - San Diego 1 |
| TOP OF THE 3RD |
|
Cincinnati Reds batting - Pitching for San Diego Padres : RHP Timóteo Metzener
|
|
Batting: RHB Fred Slade
|
0-0: Ball 1-0: Fly out, F3 (Flyball, 3D, EV 87.5 MPH)
|
|
Batting: LHB Satoru Handa
|
0-0: SINGLE (Flyball, 3D, EV 75.6 MPH)
|
|
Batting: LHB Jon Ledesma
|
0-0: DOUBLE (Groundball, 3L, EV 97.5 MPH) Satoru Handa to third
|
|
Batting: SHB Dave Barefoot
|
0-0: Ball 1-0: 3-RUN HOME RUN (Flyball, 7D, EV 98.8 MPH), Distance : 363 ft
|
|
Batting: LHB Jake Bill
|
0-0: Ball 1-0: Foul Ball, location: 2F 1-1: Ball 2-1: Ground out 6-3 (Groundball, 6S, EV 85.6 MPH)
|
|
Batting: LHB Sean Geisler
|
0-0: Foul Ball, location: 2F 0-1: Ball 1-1: Ball 2-1: Foul Ball, location: 2F 2-2: Foul Ball, location: 2F 2-2: Reached via error on a dropped throw from 2B, E3 (Groundball, 4, EV 100.0 MPH)
|
|
Batting: SHB Saulo Maina
|
0-0: Ball 1-0: Foul Ball, location: 2F 1-1: Ball 2-1: Fly out, F7 (Flyball, 78M, EV 90.0 MPH)
|
| Top of the 3rd over - 3 runs, 3 hits, 1 error, 1 left on base; Cincinnati 3 - San Diego 1 |
| BOTTOM OF THE 3RD |
|
San Diego Padres batting - Pitching for Cincinnati Reds : LHP Jeff Baker
|
|
Batting: LHB Aaron LeBlanc
|
0-0: Foul Ball, location: 2F 0-1: Ball 1-1: Foul Ball, location: 2F 1-2: Foul Ball, location: 2F 1-2: Ball 2-2: Ball 3-2: Ground out 5-3 (Groundball, 56S, EV 75.0 MPH)
|
|
Batting: LHB Andy Bowman
|
0-0: Fly out, F8 (Flyball, 8LD, EV 90.6 MPH)
|
|
Batting: SHB Jerry Luckwell
|
0-0: Called Strike 0-1: Swinging Strike 0-2: Strikes out looking
|
| Bottom of the 3rd over - 0 runs, 0 hits, 0 errors, 0 left on base; Cincinnati 3 - San Diego 1 |
| TOP OF THE 4TH |
|
Cincinnati Reds batting - Pitching for San Diego Padres : RHP Timóteo Metzener
|
|
Batting: LHB Shawn Morrison
|
0-0: Ground out 6-3 (Groundball, 6MD, EV 100.0 MPH)
|
|
Batting: LHB Andy Arbuckle
|
0-0: Swinging Strike 0-1: Foul Ball, location: 2F 0-2: Ball 1-2: Ball 2-2: DOUBLE (Flyball, 8LXD, EV 95.0 MPH)
|
|
Batting: RHB Fred Slade
|
0-0: Foul Ball, location: 2F 0-1: Ground out 5-3 (Groundball, 5, EV 90.0 MPH)
|
|
Batting: LHB Satoru Handa
|
0-0: Called Strike 0-1: Ground out 4-3 (Groundball, 34, EV 91.3 MPH)
|
| Top of the 4th over - 0 runs, 1 hit, 0 errors, 1 left on base; Cincinnati 3 - San Diego 1 |
| BOTTOM OF THE 4TH |
|
San Diego Padres batting - Pitching for Cincinnati Reds : LHP Jeff Baker
|
|
Batting: RHB Cesar Breceda
|
0-0: Ball 1-0: Fly out, F4 (Popup, 34S, EV 88.8 MPH)
|
|
Batting: LHB Kevin Bellman
|
0-0: Ball 1-0: Ball 2-0: Ball 3-0: Called Strike 3-1: Called Strike 3-2: SINGLE (Groundball, 34D, EV 104.4 MPH)
|
|
Batting: RHB Alois Wollf
|
0-0: Called Strike Kevin Bellman steals 2nd base 0-1: Ball 1-1: Swinging Strike 1-2: 2-RUN HOME RUN (Flyball, 7D, EV 96.3 MPH), Distance : 360 ft
|
|
Batting: LHB Mike Holt
|
0-0: Foul Ball, location: 2F 0-1: Foul Ball, location: 2F 0-2: Reached on error, E8 (Flyball, 8LD, EV 103.1 MPH)
|
|
Batting: RHB Carlos Reyes
|
0-0: Ball 1-0: Ball 2-0: Fielders Choice at 2nd, 3-6 (Groundball, 3S, EV 92.5 MPH)
|
|
Batting: RHB Alberto Cotto
|
0-0: Called Strike 0-1: Swinging Strike 0-2: Foul Ball, location: 2F 0-2: Ball 1-2: Foul Ball, location: 2F 1-2: Fielders Choice at 2nd, 6-4 (Groundball, 56, EV 103.8 MPH)
|
| Bottom of the 4th over - 2 runs, 2 hits, 1 error, 1 left on base; Cincinnati 3 - San Diego 3 |
| TOP OF THE 5TH |
|
Cincinnati Reds batting - Pitching for San Diego Padres : RHP Timóteo Metzener
|
|
Batting: LHB Jon Ledesma
|
0-0: Called Strike 0-1: Ball 1-1: Ground out 4-3 (Groundball, 34D, EV 105.0 MPH)
|
|
Batting: SHB Dave Barefoot
|
0-0: Ball 1-0: Called Strike 1-1: Foul Ball, location: 2F 1-2: Ball 2-2: Ball 3-2: Foul Ball, location: 2F 3-2: Foul Ball, location: 2F 3-2: Foul Ball, location: 2F 3-2: Strikes out swinging
|
|
Batting: LHB Jake Bill
|
0-0: SINGLE (Line Drive, 89M, EV 104.4 MPH)
|
|
Batting: LHB Sean Geisler
|
0-0: Ball 1-0: Ball 2-0: Called Strike 2-1: Ball 3-1: Foul Ball, location: 2F 3-2: Foul Ball, location: 2F 3-2: Ground out 4-3 (Groundball, 4, EV 92.5 MPH)
|
| Top of the 5th over - 0 runs, 1 hit, 0 errors, 1 left on base; Cincinnati 3 - San Diego 3 |
| BOTTOM OF THE 5TH |
|
San Diego Padres batting - Pitching for Cincinnati Reds : LHP Jeff Baker
|
|
Batting: LHB Aaron LeBlanc
|
0-0: SINGLE (Groundball, 34D, EV 95.6 MPH)
|
|
Batting: LHB Andy Bowman
|
0-0: Ball 1-0: Ball 2-0: Ball 3-0: Called Strike 3-1: Foul Ball, location: 2F 3-2: Fielders Choice at 2nd, 5-4 (Groundball, 5, EV 84.4 MPH)
|
|
Batting: SHB Jerry Luckwell
|
0-0: Ball 1-0: SINGLE (Groundball, 4MD, EV 104.4 MPH) Andy Bowman to second Runner from 2nd tries for 3rd, SAFE, throw by CF made to third
|
|
Batting: RHB Cesar Breceda
|
0-0: Ball Jerry Luckwell steals 2nd base 1-0: Ball 2-0: Called Strike 2-1: 3-RUN HOME RUN (Flyball, 78XD, EV 102.5 MPH), Distance : 415 ft
|
|
Pitching: RHP Ragnar Alqvist
|
|
|
Batting: LHB Kevin Bellman
|
0-0: Called Strike 0-1: Ball 1-1: DOUBLE (Groundball, 3L, EV 102.5 MPH)
|
|
Batting: RHB Alois Wollf
|
0-0: Called Strike 0-1: Foul Ball, location: 2F 0-2: Ball 1-2: Ball 2-2: Foul Ball, location: 2F 2-2: Ball 3-2: SINGLE (Flyball, 4D, EV 95.6 MPH) Kevin Bellman to third
|
|
Batting: LHB Mike Holt
|
0-0: Ball Alois Wollf steals 2nd base (no throw) 1-0: Foul Ball, location: 2F 1-1: Ball 2-1: Foul Ball, location: 2F 2-2: Ball 3-2: Base on Balls
|
|
Batting: RHB Carlos Reyes
|
0-0: Called Strike 0-1: Swinging Strike 0-2: Ball 1-2: Ball 2-2: Foul Ball, location: 2F 2-2: Foul Ball, location: 2F 2-2: Fly out, F9 (Line Drive, 9D, EV 87.5 MPH) Runner from 3rd tags up, SCORES, no throw by RF Alois Wollf to third
|
|
Batting: RHB Alberto Cotto
|
0-0: DOUBLE (Groundball, 5L, EV 107.5 MPH) Alois Wollf scores Mike Holt to third
|
|
Batting: LHB Aaron LeBlanc
|
0-0: Called Strike 0-1: Foul Ball, location: 2F 0-2: Strikes out swinging
|
| Bottom of the 5th over - 5 runs, 6 hits, 0 errors, 2 left on base; Cincinnati 3 - San Diego 8 |
| TOP OF THE 6TH |
|
Cincinnati Reds batting - Pitching for San Diego Padres : RHP Timóteo Metzener
|
|
Batting: SHB Saulo Maina
|
0-0: Ball 1-0: Ball 2-0: Ground out U3 (Groundball, 3L, EV 85.6 MPH)
|
|
Batting: LHB Shawn Morrison
|
0-0: Ball 1-0: Ball 2-0: Swinging Strike 2-1: Ball 3-1: Base on Balls
|
|
Batting: LHB Andy Arbuckle
|
0-0: Foul Ball, location: 2F 0-1: Swinging Strike 0-2: Ball 1-2: SINGLE (Groundball, 3S, EV 73.1 MPH) (infield hit) Shawn Morrison to second
|
|
Batting: RHB Fred Slade
|
0-0: Foul Ball, location: 2F 0-1: SINGLE (Groundball, 34D, EV 105.0 MPH) Shawn Morrison to third Andy Arbuckle to second Runner from 3rd tries for Home, SAFE, throw by RF to home
|
|
Batting: LHB Satoru Handa
|
0-0: 3-RUN HOME RUN (Flyball, 9LD, EV 91.3 MPH), Distance : 346 ft
|
|
Pitching: LHP Klaus Qvist
|
|
|
Batting: LHB Jon Ledesma
|
0-0: Ground out 1-3 (Groundball, 34S, EV 70.0 MPH)
|
|
Batting: SHB Dave Barefoot
|
0-0: Ball 1-0: Ball 2-0: Called Strike 2-1: Ball 3-1: Called Strike 3-2: Ground out 5-3 (Groundball, 5L, EV 105.0 MPH)
|
| Top of the 6th over - 4 runs, 3 hits, 0 errors, 0 left on base; Cincinnati 7 - San Diego 8 |
| BOTTOM OF THE 6TH |
|
San Diego Padres batting - Pitching for Cincinnati Reds : RHP Ragnar Alqvist
|
|
Batting: LHB Andy Bowman
|
0-0: Foul Ball, location: 2F 0-1: Called Strike 0-2: Fly out, F8 (Line Drive, 8LM, EV 101.3 MPH)
|
|
Batting: SHB Jerry Luckwell
|
0-0: Ball 1-0: Foul Ball, location: 2F 1-1: Swinging Strike 1-2: Foul Ball, location: 2F 1-2: Strikes out looking
|
|
Batting: RHB Cesar Breceda
|
0-0: Called Strike 0-1: Ground out 5-3 (Groundball, 56, EV 85.6 MPH)
|
| Bottom of the 6th over - 0 runs, 0 hits, 0 errors, 0 left on base; Cincinnati 7 - San Diego 8 |
| TOP OF THE 7TH |
|
Cincinnati Reds batting - Pitching for San Diego Padres : LHP Klaus Qvist
|
|
Pitching: RHP Raul Almonte
|
|
|
Batting: LHB Jake Bill
|
0-0: Called Strike 0-1: Called Strike 0-2: Foul Ball, location: 2F 0-2: Foul Ball, location: 2F 0-2: Ball 1-2: Ball 2-2: Ball 3-2: Ground out 6-3 (Groundball, 6, EV 88.8 MPH)
|
|
Batting: LHB Sean Geisler
|
0-0: Swinging Strike 0-1: Ball 1-1: Ground out 2-3 (Groundball, 2L, EV 70.6 MPH)
|
|
Batting: SHB Saulo Maina
|
0-0: Called Strike 0-1: Foul Ball, location: 2F 0-2: Ball 1-2: Ball 2-2: SINGLE (Groundball, 6M, EV 96.3 MPH)
|
|
Batting: LHB Shawn Morrison
|
0-0: Called Strike 0-1: Ball 1-1: Swinging Strike 1-2: Ball Saulo Maina is caught stealing 2nd base 2-6
|
| Top of the 7th over - 0 runs, 1 hit, 0 errors, 0 left on base; Cincinnati 7 - San Diego 8 |
| BOTTOM OF THE 7TH |
|
San Diego Padres batting - Pitching for Cincinnati Reds : RHP Ragnar Alqvist
|
|
Pitching: LHP Jose Estrada
|
|
|
Batting: LHB Kevin Bellman
|
0-0: Ball 1-0: SINGLE (Groundball, 4MD, EV 101.3 MPH)
|
|
Batting: RHB Alois Wollf
|
0-0: Foul Ball, location: 2F 0-1: Foul Ball, location: 2F 0-2: Ball 1-2: Fielders Choice at 2nd, 3-6 (Groundball, 34S, EV 80.6 MPH)
|
|
Batting: LHB Mike Holt
|
0-0: Ball 1-0: Ball 2-0: Fly out, F8 (Flyball, 78S, EV 86.9 MPH)
|
|
Batting: RHB Carlos Reyes
|
0-0: Called Strike 0-1: Ball 1-1: Fly out, F8 (Line Drive, 8RM, EV 111.9 MPH)
|
| Bottom of the 7th over - 0 runs, 1 hit, 0 errors, 1 left on base; Cincinnati 7 - San Diego 8 |
| TOP OF THE 8TH |
|
Cincinnati Reds batting - Pitching for San Diego Padres : RHP Raul Almonte
|
|
Pitching: LHP Tommy Hall
|
|
|
Batting: LHB Shawn Morrison
|
0-0: Called Strike 0-1: Ball 1-1: Ball 2-1: Ball 3-1: Called Strike 3-2: Ground out 6-3 (Groundball, 6, EV 86.3 MPH)
|
|
Batting: LHB Andy Arbuckle
|
0-0: Called Strike 0-1: Foul Ball, location: 2F 0-2: Ball 1-2: Ground out 4-3 (Groundball, 34, EV 95.0 MPH)
|
|
Batting: RHB Fred Slade
|
0-0: Called Strike 0-1: Swinging Strike 0-2: Strikes out looking
|
| Top of the 8th over - 0 runs, 0 hits, 0 errors, 0 left on base; Cincinnati 7 - San Diego 8 |
| BOTTOM OF THE 8TH |
|
San Diego Padres batting - Pitching for Cincinnati Reds : LHP Jose Estrada
|
|
Batting: RHB Alberto Cotto
|
0-0: Called Strike 0-1: Ball 1-1: Ball 2-1: Foul Ball, location: 2F 2-2: Strikes out swinging
|
|
Batting: LHB Aaron LeBlanc
|
0-0: Ball 1-0: Swinging Strike 1-1: Ball 2-1: Swinging Strike 2-2: Ball 3-2: Foul Ball, location: 2F 3-2: Foul Ball, location: 2F 3-2: Base on Balls
|
|
Batting: LHB Andy Bowman
|
0-0: Called Strike 0-1: SINGLE (Groundball, 4MD, EV 105.0 MPH) Aaron LeBlanc to second
|
|
Batting: SHB Jerry Luckwell
|
0-0: Ball 1-0: Foul Ball, location: 2F 1-1: 3-RUN HOME RUN (Flyball, 9LD, EV 91.9 MPH), Distance : 330 ft
|
|
Pitching: RHP Timmy John Aaron-Lee Frank Silveira
|
|
|
Batting: RHB Cesar Breceda
|
0-0: Fly out, F9 (Line Drive, 9, EV 105.0 MPH)
|
|
Batting: LHB Kevin Bellman
|
0-0: Ball 1-0: Called Strike 1-1: Ground out U3 (Groundball, 34, EV 83.8 MPH)
|
| Bottom of the 8th over - 3 runs, 2 hits, 0 errors, 0 left on base; Cincinnati 7 - San Diego 11 |
| TOP OF THE 9TH |
|
Cincinnati Reds batting - Pitching for San Diego Padres : LHP Tommy Hall
|
|
Batting: LHB Satoru Handa
|
0-0: Called Strike 0-1: Called Strike 0-2: Ball 1-2: Foul Ball, location: 2F 1-2: Foul Ball, location: 2F 1-2: Foul Ball, location: 2F 1-2: Fly out, F6 (Popup, 6MD, EV 45.6 MPH)
|
|
Batting: LHB Jon Ledesma
|
0-0: Called Strike 0-1: Ground out 4-3 (Groundball, 4, EV 86.9 MPH)
|
|
Batting: SHB Dave Barefoot
|
0-0: Foul Ball, location: 2F 0-1: Swinging Strike 0-2: Ball 1-2: Ball 2-2: Strikes out swinging
|
| Top of the 9th over - 0 runs, 0 hits, 0 errors, 0 left on base; Cincinnati 7 - San Diego 11 |
|